 Dungeon Crawl Stone Soup version 0.24-a0-445-gd5110b030a (webtiles) character file.

Game seed: 14630902249576466987

109667 Krouwed the Severer (level 16, 0/149 HPs)
             Began as a Minotaur Fighter on June 22, 2019.
             Was a High Priest of the Shining One.
             Slain by a spark wasp (12 damage)
             ... on level 2 of the Spider Nest.
             The game lasted 01:47:15 (25260 turns).

Krouwed the Severer (Minotaur Fighter)             Turns: 25260, Time: 01:47:16

Health: 0/149      AC: 21    Str: 30    XL:     16   Next: 5%
Magic:  22/22      EV:  8    Int:  6    God:    the Shining One [*****.]
Gold:   2555       SH:  0    Dex: 12    Spells: 21/21 levels left

rFire    . . .     SeeInvis .   a - +3 war axe (venom)
rCold    + . .     Gourm    .   c - +3 shield
rNeg     + + .     Faith    .   R - +3 plate armour {MR+}
rPois    +         Spirit   .   z - +0 hat
rElec    .         Reflect  .   q - scarf {repulsion}
rCorr    .         Harm     .   (no gloves)
MR       ++...                  j - +0 pair of boots
Stlth    ..........             (no amulet)
HPRegen  0.34/turn              O - ring of poison resistance
MPRegen  0.18/turn              J - ring of protection from cold

@: confused, mighty, glowing, repel missiles
A: retaliatory headbutt, horns 2
a: Divine Shield, Cleansing Flame, Summon Divine Warrior, Renounce Religion


You were on level 2 of the Spider Nest.
You worshipped the Shining One.
The Shining One was extremely pleased with you.
You were not hungry.

You visited 4 branches of the dungeon, and saw 23 of its levels.
You also visited: Bailey and Volcano.

You collected 2555 gold pieces.

Inventory:

Hand Weapons
 a - a +3 war axe of venom (weapon)
 b - a +2 morningstar of freezing
Missiles
 m - 55 poisoned darts (quivered)
 u - 5 curare-tipped darts
Armour
 c - a +3 shield (worn)
 j - a +0 pair of boots (worn)
 q - a scarf of repulsion (worn)
 z - a +0 hat (worn)
 R - a +3 plate armour of magic resistance (worn)
 Z - +0 ice dragon scales
Jewellery
 e - an uncursed amulet of the gourmand {unknown}
 h - an uncursed ring of protection from magic
 B - an uncursed ring of protection from fire
 J - a ring of protection from cold (right hand)
 O - a ring of poison resistance (left hand)
 T - an uncursed ring of ice
Wands
 y - a wand of disintegration (6)
 E - a wand of enslavement (30)
 G - a wand of iceblast (3)
 H - a wand of digging (13)
 I - a wand of polymorph (10)
 Q - a wand of paralysis (32)
 S - a wand of flame (8)
 Y - a wand of acid (6)
Scrolls
 i - 5 scrolls of teleportation
 w - 4 scrolls of enchant weapon
 x - 2 scrolls of immolation {unknown}
 C - a scroll of noise {unknown}
 D - 8 scrolls of magic mapping
 F - 5 scrolls of remove curse
 L - 3 scrolls of fear
 M - 3 scrolls of summoning
 N - 5 scrolls of fog {unknown}
 U - a scroll of amnesia {unknown}
 W - a scroll of vulnerability {unknown}
 X - a scroll of enchant armour
Potions
 d - 2 potions of might
 g - 3 potions of agility
 k - 7 potions of degeneration
 n - 3 potions of resistance
 o - a potion of ambrosia
 p - 3 potions of berserk rage
 r - 3 potions of flight
 s - a potion of cancellation
 t - 6 potions of curing
 v - 5 potions of lignification
 A - 3 potions of mutation
 K - 2 potions of brilliance
 P - a potion of magic
Miscellaneous
 l - a lamp of fire
 V - a fan of gales
Comestibles
 f - 36 rations


   Skills:
 + Level 15.2 Fighting
 - Level 15.5(16.3) Axes
 + Level 9.4(13.5) Maces & Flails
 + Level 15.1 Armour
 + Level 15.2 Shields
 - Level 3.1 Spellcasting
 + Level 10.5 Invocations


You had 21 spell levels left.
You didn't know any spells.
Your spell library contained the following spells:

 Spells                   Type           Power        Failure   Level  Hunger
 Animate Skeleton         Necr           N/A          89%         1    ##.....
 Apportation              Tloc           #.....       89%         1    ##.....
 Confusing Touch          Hex            #.....       89%         1    ##.....
 Freeze                   Ice            #...         89%         1    ##.....
 Pain                     Necr           #...         89%         1    ##.....
 Sting                    Conj/Pois      #...         89%         1    ##.....
 Summon Small Mammal      Summ           #...         89%         1    ##.....
 Blink                    Tloc           N/A          96%         2    ###....
 Poisonous Vapours        Pois/Air       #.....       96%         2    ###....
 Shroud of Golubria       Chrm/Tloc      #.....       96%         2    ###....
 Throw Frost              Conj/Ice       #.....       96%         2    ###....
 Confuse                  Hex            #.......     99%         3    ####...
 Gell's Gravitas          Tloc           #.........   99%         3    ####...
 Lesser Beckoning         Tloc           #.........   99%         3    ####...
 Mephitic Cloud           Conj/Pois/Air  #.......     99%         3    ####...
 Ozocubu's Armour         Chrm/Ice       #.......     99%         3    ####...
 Regeneration             Chrm/Necr      #.........   99%         3    ####...
 Teleport Other           Tloc           #.......     99%         3    ####...
 Vampiric Draining        Necr           #.........   99%         3    ####...
 Animate Dead             Necr           N/A          100%        4    #####..
 Cause Fear               Hex            #.........   100%        4    #####..
 Olgreb's Toxic Radiance  Pois           #.......     100%        4    #####..
 Passage of Golubria      Tloc           N/A          100%        4    #####..
 Petrify                  Tmut/Erth      #.......     100%        4    #####..
 Summon Ice Beast         Ice/Summ       #.......     100%        4    #####..
 Throw Icicle             Conj/Ice       #.......     100%        4    #####..
 Metabolic Englaciation   Hex/Ice        #.........   100%        5    ######.
 Silence                  Hex/Air        #.........   100%        5    ######.
 Venom Bolt               Conj/Pois      #.........   100%        5    ######.
 Yara's Violent Unravell  Hex/Tmut       #.........   100%        5    ######.
 Deflect Missiles         Chrm/Air       #.........   100%        6    #######
 Discord                  Hex            #.........   100%        8    #######


Dungeon Overview and Level Annotations

Branches:
Dungeon (13/15)            Temple (0/1) D:7            Lair (6/6) D:9
 Shoals (0/4) Lair:3       Spider (2/4) Lair:3        Slime (0/5) Lair:6
    Orc (2/2) D:10            Elf (0/3) Orc:2
 Vaults: D:13-14

Altars:
Ashenzari
Cheibriados
Okawaru
Trog
Vehumet
Zin
The Shining One
Beogh
Jiyva

Shops:
D:8 (   Orc:1 [   Orc:2 *!:*

Annotations:
Lair:6 1 runed translucent door


Innate Abilities, Weirdness & Mutations

You reflexively headbutt those who attack you in melee.
You have a pair of horns on your head.


Message History

* * * LOW HITPOINT WARNING * * *
The tarantella closely misses your daeva.
The tarantella bites your daeva!
The demonic crawler barely misses your daeva.
Your daeva blocks the demonic crawler's attack.
The demonic crawler closely misses your daeva.
The spark wasp stings you but does no damage.
Your daeva hits the demonic crawler with a +5 eudemon blade of holy wrath.
The demonic crawler convulses.
Your daeva hits the demonic crawler with a +5 eudemon blade of holy wrath!
The demonic crawler convulses!
The tarantella bites your daeva!
Your daeva blocks the demonic crawler's attack. x2
The demonic crawler hits your daeva but does no damage.
A demonic crawler comes into view.
The redback bites your daeva but does no damage.
Your daeva hits the redback with a +5 eudemon blade of holy wrath!!
The redback dies!
You hear an angry hiss.
The spark wasp stings you!
You die...

.^.# ...^....... ## ##...
....#.....##.#..## ##....
.....^........#...#. #^...[
...^.^^..^....^.....
....###..........^.#>....
###....#..................
##...#†.........†..........
.>...#<.†....(.....s...#...
......††........@..A...^...
...$...#.!..^....y..ss.s...
.......†....†...^...s.....s
.................<.........
........†.................#
#...^.....†................
............†..............
..##.......................
.##.....<...............^.


You could see a spark wasp, 2 demonic crawlers, a jumping spider, 2 tarantellas
and a friendly daeva.

Vanquished Creatures
  Jorgrun (D:13)
  Gastronok (D:10)
  Frances (Spider:1)
  Nessos (Lair:6)
  The ghost of firegrace the Grappler, a journeyman TrBe of Trog (Orc:2)
  A minotaur (Orc:2)
  Snorg (D:11)
  An ettin (Orc:2)
  Josephine (D:11)
  A catoblepas (Lair:6)
  2 centaur warriors
  7 hydras
  4 ogre magi (Orc:2)
  A dancing weapon (Volcano)
  A deep troll shaman (Lair:6)
  23 two-headed ogres
  10 death yaks
  A queen ant (Lair:3)
  Nergalle (D:11)
  3 unseen horrors
  5 wizards (Volcano)
  2 deep elf magi
  4 orb spiders
  A manticore (D:11)
  7 wolf spiders
  4 oklob plants
  An ugly thing (D:11)
  An orc sorcerer (Orc:2)
  3 elephants (Lair:6)
  2 cyclopes
  Maurice (D:8)
  4 centaur zombies
  2 torpor snails (Lair:4)
  5 black mambas
  5 toenail golems (Volcano)
  6 spiny frogs
  Psyche (D:8)
  7 demonic crawlers (Spider:1)
  7 komodo dragons
  3 trolls
  A tengu conjurer (D:11)
  2 polar bears (Lair:6)
  3 hornets
  Prince Ribbit (D:7)
  10 blink frogs
  7 jumping spiders
  6 slime creatures
  13 hippogriffs
  6 tarantellas
  10 redbacks
  5 wraiths (D:11)
  A vampire (D:13)
  2 shadows (D:12)
  A spriggan (D:7)
  A wyvern (D:10)
  48 yaks
  3 hungry ghosts
  Grum (D:8)
  4 basilisks
  7 vampire mosquitoes
  2 wargs
  An acid dragon (D:11)
  15 water moccasins
  23 soldier ants
  11 porcupines
  20 orc warriors
  2 ice beasts
  2 sky beasts
  2 black bears
  4 phantoms
  An eye of draining (D:12)
  30 ogres
  9 wolves
  15 centaurs
  11 crocodiles
  4 big kobolds
  A gnoll sergeant (D:11)
  17 bullfrogs
  A wyvern zombie (D:11)
  2 wyvern skeletons
  7 scorpions
  A wight (D:11)
  8 killer bees
  6 howler monkeys
  5 bullfrog zombies
  8 hounds
  6 crimson imps
  7 centaur skeletons
  A bullfrog skeleton (D:5)
  15 orc priests
  2 jellies
  Jessica (D:3)
  4 iguanas
  Natasha (thrice) (D:1)
  19 orc wizards
  29 worker ants
  A killer bee zombie (D:8)
  2 hound zombies
  2 howler monkey skeletons
  6 gnolls
  11 adders
  2 shadow imps (D:9)
  A white imp (D:5)
  An ooze (D:4)
  6 adder skeletons
  2 adder zombies
  2 worms
  10 leopard geckos
  85 orcs
  A ball python (D:4)
  10 bats
  4 giant cockroaches
  10 goblins
  10 hobgoblins
  9 jackals
  5 frilled lizards
  A goblin zombie (D:5)
  2 hobgoblin zombies (D:5)
  2 jackal zombies (D:7)
  24 kobolds
  3 kobold skeletons (D:5)
  2 kobold zombies (D:5)
  2 orc skeletons (D:5)
  A quokka skeleton (D:6)
  4 rats
  7 fungi
  3 plants
792 creatures vanquished.

Vanquished Creatures (collateral kills)
  A demonic crawler (Spider:2)
  4 jumping spiders (Spider:2)
  2 redbacks (Spider:2)
7 creatures vanquished.

Vanquished Creatures (others)
  An orb spider (Spider:2)
  3 bushes (Lair:6)
  11 fungi
  24 plants
39 creatures vanquished.

Grand Total: 838 creatures vanquished

Notes
Turn   | Place    | Note
-------+----------+-------------------------------------------
     0 | D:1      | Krouwed the Minotaur Fighter began the quest for the Orb.
     0 | D:1      | Reached XP level 1. HP: 19/19 MP: 0/0
   181 | D:1      | Reached XP level 2. HP: 27/27 MP: 1/1
   380 | D:1      | Reached XP level 3. HP: 26/33 MP: 2/2
  1070 | D:2      | Reached XP level 4. HP: 28/41 MP: 3/3
  1120 | D:2      | Noticed Natasha
  1186 | D:1      | Killed Natasha
  1377 | D:1      | Noticed Natasha
  1381 | D:1      | Killed Natasha
  1805 | D:1      | Noticed Natasha
  1809 | D:1      | Killed Natasha
  1809 | D:1      | Reached XP level 5. HP: 47/47 MP: 4/4
  2028 | D:3      | Noticed a centaur
  2037 | D:3      | Killed a centaur
  2037 | D:3      | Reached skill level 5 in Fighting
  2037 | D:3      | Reached skill level 5 in Armour
  2037 | D:3      | Reached skill level 5 in Shields
  2197 | D:3      | Reached XP level 6. HP: 56/56 MP: 5/5
  2315 | D:3      | Noticed Jessica
  2317 | D:3      | Killed Jessica
  2937 | D:4      | Reached skill level 5 in Axes
  2996 | D:4      | Reached XP level 7. HP: 31/62 MP: 6/6
  3852 | D:4      | Found an iron altar of Okawaru.
  4131 | D:5      | Entered Level 5 of the Dungeon
  4227 | D:5      | Found a runed translucent door.
  4308 | D:5      | Reached XP level 8. HP: 71/71 MP: 7/7
  4446 | D:5      | Found a glowing golden altar of the Shining One.
  4473 | D:5      | Became a worshipper of the Shining One
  5412 | D:6      | Noticed a hippogriff
  5419 | D:6      | Killed a hippogriff
  5699 | D:6      | Reached XP level 9. HP: 72/80 MP: 8/8
  5802 | D:7      | Reached * piety under the Shining One
  6191 | D:7      | Noticed Prince Ribbit
  6244 | D:7      | Found a staircase to the Ecumenical Temple.
  6549 | D:7      | Killed Prince Ribbit
  7007 | D:5      | Found a roughly hewn altar of Beogh.
  7161 | D:8      | Noticed Maurice
  7174 | D:8      | Paralysed by Maurice for 4 turns
  7191 | D:8      | Killed Maurice
  7191 | D:8      | Reached skill level 10 in Axes
  7333 | D:8      | Noticed Grum
  7339 | D:8      | Killed Grum
  7341 | D:8      | Reached XP level 10. HP: 53/90 MP: 9/9
  7806 | D:8      | Found Uruish's Weapon Boutique.
  7953 | D:8      | Reached ** piety under the Shining One
  8133 | D:8      | Noticed Psyche
  8143 | D:8      | Killed Psyche
  8195 | D:8      | You fall into a shaft and drop 3 floors!
  8231 | D:11     | Noticed Josephine
  8245 | D:11     | Killed Josephine
  8266 | D:10     | Entered Level 10 of the Dungeon
  8266 | D:10     | Found a staircase to the Orcish Mines.
  8295 | D:10     | Noticed a centaur warrior
  8306 | D:10     | Killed a centaur warrior
  8316 | D:10     | Reached skill level 10 in Shields
  8358 | D:10     | Reached skill level 10 in Fighting
  8361 | D:10     | Reached skill level 10 in Armour
  8436 | D:10     | Got a fine ring mail
  8447 | D:10     | Identified the +0 ring mail of Melancholy {Int+4 Dex+4
                  | Slay+2 Stlth+} (You found it on level 10 of the Dungeon)
  8471 | D:10     | Reached XP level 11. HP: 72/99 MP: 10/10
  8862 | D:10     | Noticed Gastronok
  8862 | D:10     | Reached *** piety under the Shining One
  8883 | D:10     | Killed Gastronok
  8883 | D:10     | Reached skill level 1 in Invocations
  9037 | D:9      | Noticed a two-headed ogre
  9047 | D:9      | Killed a two-headed ogre
  9073 | D:9      | Noticed a two-headed ogre
  9078 | D:9      | Killed a two-headed ogre
  9214 | D:9      | Found a faded altar of an unknown god.
  9214 | D:9      | Found a bloodstained altar of Trog.
  9228 | D:9      | Found a shattered altar of Ashenzari.
  9230 | D:9      | Found a snail-covered altar of Cheibriados.
  9231 | D:9      | Found a glowing silver altar of Zin.
  9266 | D:9      | Found a staircase to the Lair.
  9588 | Lair:1   | Entered Level 1 of the Lair of Beasts
 10185 | Lair:1   | Noticed a seven-headed hydra
 10197 | Lair:1   | Killed a seven-headed hydra
 10565 | Lair:1   | Reached skill level 1 in Spellcasting
 10617 | Lair:1   | Reached XP level 12. HP: 72/110 MP: 13/13
 11501 | Lair:2   | Found a dark tunnel.
 11509 | Volcano  | Entered a volcano
 11601 | Volcano  | Reached **** piety under the Shining One
 12069 | Lair:2   | Reached skill level 1 in Maces & Flails
 12113 | Lair:2   | Noticed a six-headed hydra
 12121 | Lair:2   | Killed a six-headed hydra
 12139 | Lair:2   | Reached skill level 5 in Invocations
 12180 | Lair:2   | Noticed a death yak
 12180 | Lair:2   | Noticed a death yak
 12180 | Lair:2   | Noticed a death yak
 12181 | Lair:2   | Noticed a death yak
 12181 | Lair:2   | Noticed a death yak
 12197 | Lair:2   | Killed a death yak
 12207 | Lair:2   | Killed a death yak
 12216 | Lair:2   | Killed a death yak
 12221 | Lair:2   | Killed a death yak
 12224 | Lair:2   | Killed a death yak
 12698 | Lair:2   | Reached XP level 13. HP: 117/117 MP: 16/16
 13330 | Lair:3   | Reached skill level 5 in Maces & Flails
 13437 | Lair:3   | Found a glowing golden altar of the Shining One.
 13508 | Lair:3   | Found a hole to the Spider Nest.
 14048 | Lair:3   | Found a staircase to the Shoals.
 16181 | Lair:6   | Entered Level 6 of the Lair of Beasts
 16183 | Lair:6   | Found a runed translucent door.
 16217 | Lair:6   | Found a viscous altar of Jiyva.
 16436 | Lair:6   | Reached XP level 14. HP: 118/129 MP: 14/18
 16455 | Lair:6   | Found a staircase to the Slime Pits.
 16897 | Lair:6   | Reached skill level 15 in Axes
 16988 | Lair:6   | Noticed Nessos
 16994 | Lair:6   | Paralysed by Nessos for 4 turns
 17000 | Lair:6   | Paralysed by Nessos for 3 turns
 17018 | Lair:6   | Killed Nessos
 18056 | D:11     | Noticed Nergalle
 18071 | D:11     | Killed Nergalle
 18483 | D:11     | Noticed Snorg
 18512 | D:11     | Killed Snorg
 19524 | D:12     | Reached ***** piety under the Shining One
 20365 | D:13     | Found a flagged portal.
 20371 | Bailey   | Entered a bailey
 20411 | Bailey   | Reached XP level 15. HP: 135/138 MP: 20/20
 20934 | D:13     | Noticed Jorgrun
 20947 | D:13     | Killed Jorgrun
 21461 | Orc:1    | Entered Level 1 of the Orcish Mines
 21527 | Orc:1    | Found a bloodstained altar of Trog.
 21677 | Orc:1    | Found a radiant altar of Vehumet.
 21787 | Orc:1    | Found Pylotteb's Antique Armour Emporium.
 21910 | Orc:2    | Entered Level 2 of the Orcish Mines
 22049 | Orc:2    | Noticed firegrace's ghost (journeyman TrBe)
 22072 | Orc:2    | Found a runed translucent gate.
 22072 | Orc:2    | Found a runed translucent gate.
 22072 | Orc:2    | Found a runed translucent gate.
 22103 | Orc:2    | Killed firegrace's ghost
 22137 | Orc:2    | Found a staircase to the Elven Halls.
 22148 | Orc:2    | HP: 6/139 [ettin/+0 dire flail (24)]
 22703 | Orc:2    | Found Paff's Book Shop.
 22703 | Orc:2    | Found Huacso's Assorted Antiques.
 23643 | Orc:2    | Reached skill level 10 in Invocations
 23848 | Orc:2    | Found Ujema's Distillery.
 23849 | Orc:2    | Found Pics's General Store.
 24156 | Spider:1 | Entered Level 1 of the Spider Nest
 24181 | Spider:1 | Noticed Frances
 24198 | Spider:1 | Killed Frances
 24289 | Spider:1 | Reached skill level 15 in Shields
 24377 | Spider:1 | Reached skill level 15 in Fighting
 24798 | Spider:1 | Reached skill level 15 in Armour
 25211 | Spider:2 | Reached XP level 16. HP: 99/149 MP: 14/22
 25258 | Spider:2 | HP: 4/149 [spark wasp (15)]
 25260 | Spider:2 | Slain by a spark wasp

Levels and vault maps discovered:
D:1:      lemuel_arrival_rhombus, layout_basic
D:2:      layout_rooms, minmay_heptomino_l4, uniq_natasha
D:3:      layout_loops_corners, uniq_jessica
D:4:      layout_basic, first_ration, okawaru_ov_weapons_minmay
D:5:      minmay_diamond_boxcup, layout_loops_cross,
          nicolae_tso_besieged_by_evil, lightli_church_of_beogh
D:6:      layout_basic, minmay_quadrilaterals
D:7:      layout_basic, minmay_temple_entry_grid, the_bakery,
          uniq_prince_ribbit1
D:8:      layout_gridville, kennysheep_mini, serial_shops, shop,
          minmay_shop_enchanted_jewellery, uniq_grum, uniq_maurice, uniq_psyche
D:9:      layout_rooms, chequers_temple_overflow_minitemple,
          grunt_lair_entry_orc_guard_hut
D:10:     layout_loops_cross, orc_0_dummy, uniq_gastronok
D:11:     minmay_quarter_circles, layout_basic, serial_rivers,
          chequers_serial_rivers_room_a, chequers_serial_rivers_micro_b,
          chequers_serial_rivers_micro_c, chequers_serial_rivers_room_a,
          minmay_unpleasant_kobolds, uniq_nergalle, uniq_josephine, uniq_snorg
D:12:     layout_basic, kennysheep_generic_room_10
D:13:     layout_irregular_city, enter_bailey_2, uniq_jorgrun
Lair:1:   layout_layer_cave, grunt_megastairs_4
Lair:2:   layout_roguey, nicolae_volcano_entry_hallway,
          chequers_serial_rivers_micro_e, serial_bayou_shore_b
Lair:3:   layout_chaotic_city, shoals_dummy_entry, dummy_spider_entry,
          basic_altar, minivault_29
Lair:4:   layout_regular_city
Lair:5:   layout_regular_city, infiniplex_staircase_pool, lemuel_fruit_tree,
          minmay_lair_oklob_chamber
Lair:6:   grunt_lair_end_beastmaster, layout_loops_ring, slime_altar_2,
          wad_woods_road_01, uniq_nessos
Spider:1: layout_spider_delve, drop_trap, uniq_frances
Spider:2: layout_spider_delve, hangedman_spider_mandibles
Orc:1:    layout_caves, serial_shops, shop, basic_altar, trog_hazing_becter
Orc:2:    st_orc_ogre_mass, layout_caves, maelrawn_ghost_gauntlet_escape

Skill      XL: |  1  2  3  4  5  6  7  8  9 10 11 12 13 14 15 |
---------------+----------------------------------------------+-----
Fighting       | 4 5 6 7 8 10 11 13 14 15 | 15.2
Armour         | 4 5 6 7 8 10 11 12 14 15 | 15.1
Axes           | 3 4 5 6 8 10 12 13 14 15 | 15.5
Shields        | 4 5 6 7 9 10 11 13 14 15 | 15.2
Invocations    | 3 5 7 9 10 | 10.5
Spellcasting   | 1 3 |  3.1
Maces & Flails | 4 6 9 |  9.4

Action                   |  1- 3 |  4- 6 |  7- 9 | 10-12 | 13-15 | 16-18 || total
-------------------------+-------+-------+-------+-------+-------+-------++-------
Melee: War axe           |    83 |   112 |   344 |    68 |   892 |    23 ||  1522
       Headbutt          |     9 |    21 |    72 |   125 |   311 |     7 ||   545
       Hand axe          |       |       |       |   503 |   310 |       ||   813
       Whip              |       |       |       |     6 |       |       ||     6
       Mace              |       |       |       |     7 |       |       ||     7
       Morningstar       |       |       |       |       |    43 |       ||    43
Throw: Dart              |       |     7 |    13 |     6 |    76 |       ||   102
Invok: Divine Shield     |       |       |       |     1 |    23 |       ||    24
       Cleansing Flame   |       |       |       |       |     4 |       ||     4
       Summon Divine War |       |       |       |       |     2 |       ||     2
Evoke: Wand              |       |       |     2 |     3 |     7 |       ||    12
       Lamp of fire      |       |       |       |       |     1 |       ||     1
       Fan of gales      |       |       |       |       |     1 |       ||     1
  Use: Scroll            |       |     9 |       |    13 |    11 |       ||    33
       Potion            |       |       |     2 |     6 |    11 |     2 ||    21
  Eat: Chunk             |     1 |     6 |    14 |     7 |    27 |       ||    55
       Ration            |       |       |       |     4 |     5 |       ||     9
Armor: Scale mail        |    44 |     8 |       |       |       |       ||    52
       Plate armour      |       |    47 |   141 |   166 |   389 |     7 ||   750
Dodge: Dodged            |    21 |     9 |    46 |    67 |   219 |     3 ||   365
       Deflected         |       |       |     3 |     4 |    12 |       ||    19
Block: Shield            |    58 |    77 |   161 |   255 |  1012 |    33 ||  1596

Table legend:
 A = Non-vault XP
 B = Vault XP
 C = Vault XP percentage of total XP
 D = Non-vault monster count
 E = Vault monster count
 F = Vault count percentage of total count
                 A         B        C        D         E       F
            +---------+---------+-------+---------+---------+-------
      Total |   86025 |   70643 |  45.1 |     550 |     240 |  30.4
            +---------+---------+-------+---------+---------+-------
        D:1 |     131 |      35 |  21.1 |      23 |       1 |   4.2
        D:2 |      89 |       5 |   5.3 |      19 |       3 |  13.6
        D:3 |     220 |      37 |  14.4 |      25 |       1 |   3.8
        D:4 |     814 |       0 |   0.0 |      33 |       0 |   0.0
        D:5 |     136 |     512 |  79.0 |       4 |      40 |  90.9
        D:6 |    1132 |     144 |  11.3 |      20 |       2 |   9.1
        D:7 |     608 |     498 |  45.0 |      22 |       2 |   8.3
        D:8 |     757 |    1539 |  67.0 |      16 |       7 |  30.4
        D:9 |    3440 |     407 |  10.6 |      32 |       5 |  13.5
       D:10 |    3551 |    2411 |  40.4 |      41 |       1 |   2.4
       D:11 |    4877 |    9387 |  65.8 |      42 |      41 |  49.4
       D:12 |    4320 |       0 |   0.0 |      22 |       0 |   0.0
       D:13 |    7871 |    3096 |  28.2 |      27 |       1 |   3.6
     Lair:1 |    3503 |     956 |  21.4 |      14 |       1 |   6.7
     Lair:2 |    9072 |     337 |   3.6 |      26 |       3 |  10.3
     Lair:3 |    3892 |    4226 |  52.1 |      18 |      35 |  66.0
     Lair:4 |    5170 |       0 |   0.0 |      18 |       0 |   0.0
     Lair:5 |    6214 |    1970 |  24.1 |      28 |       5 |  15.2
     Lair:6 |   11318 |    9622 |  46.0 |      36 |      18 |  33.3
   Spider:1 |    8724 |    2318 |  21.0 |      26 |       1 |   3.7
   Spider:2 |    6590 |       0 |   0.0 |      24 |       0 |   0.0
      Orc:1 |     803 |      12 |   1.5 |      17 |       6 |  26.1
      Orc:2 |    2793 |   25397 |  90.1 |      17 |      44 |  72.1
     Bailey |       0 |     950 | 100.0 |       0 |      12 | 100.0
    Volcano |       0 |    6784 | 100.0 |       0 |      11 | 100.0
            +---------+---------+-------+---------+---------+-------
